 Dungeon Crawl Stone Soup version 0.28-a0-768-g8c92f1e708 (webtiles) character file.

Game seed: 14595447673657707898

7 Astera the Skirmisher (level 1, 0/19 HPs)
             Began as a Palentonga Fighter on Oct 31, 2021.
             Slain by a bat (1 damage)
             ... on level 1 of the Dungeon.
             The game lasted 00:00:50 (187 turns).

Astera the Skirmisher (Palentonga Fighter)           Turns: 187, Time: 00:00:51

Health: 0/19       AC:  7    Str: 19    XL:     1   Next: 91%
Magic:  1/1        EV:  7    Int:  8    God:
Gold:   22         SH:  4    Dex:  9    Spells: 0/0 levels left

rFire   . . .      SeeInvis +   a - +0 flail
rCold   . . .      Faith    .   c - +0 buckler
rNeg    . . .      Spirit   .   b - +0 scale mail
rPois   .          Reflect  .   (no helmet)
rElec   .          Harm     .   (no cloak)
rCorr   .          Rampage  .   h - +0 pair of gloves
Will    .....                   (no barding)
Stlth   ..........              (no amulet)
HPRegen 0.06/turn               (no ring)
MPRegen 0.07/turn               (no ring)

@: no status effects
A: large, rugged brown scales 3, see invisible, deformed body, roll 1, armoured
tail
a: Rolling Charge


You were on level 1 of the Dungeon.
You visited 1 branch of the dungeon, and saw 1 of its levels.

You collected 22 gold pieces.

Inventory:

Hand Weapons
 a - a +0 flail (weapon)
Armour
 b - a +0 scale mail (worn)
 c - a +0 buckler (worn)
 h - a +0 pair of gloves (worn)
Scrolls
 e - 2 scrolls of identify {unknown}
 g - a scroll of enchant armour {unknown}
Potions
 d - a potion of might
 f - a potion of degeneration {unknown}


   Skills:
 + Level 3.1 Fighting
 + Level 2.0 Maces & Flails
 + Level 2.5 Armour
 + Level 2.5 Shields


You couldn't memorise any spells.
You didn't know any spells.
Your spell library was empty.

Dungeon Overview and Level Annotations

Branches:
Dungeon (1/15)

Altars:


Innate Abilities, Weirdness & Mutations

You are completely covered in rugged brown scales. (AC +3, +7% HP)
You have supernaturally acute eyesight. (SInv)
Armour fits poorly on your strangely shaped body.
You can roll at nearby foes to attack.
You have a long armoured tail.


Message History

Your scale mail prevents you from hitting the kobold.
You tail-slap the kobold.
You kill the kobold!
A quokka comes into view.
A bat comes into view.
Things that are here:
a +0 dagger; 4 stones; a kobold corpse You closely miss the bat.
The bat barely misses you. The kobold barely misses you.
The kobold hits you with a +0 short sword.
You thump the bat!
You kill the bat!
The kobold hits you with a +0 short sword.
You hit the quokka.
The quokka is moderately wounded.
The kobold hits you with a +0 short sword.
You block the quokka's attack.
You closely miss the quokka. The quokka barely misses you.
You block the quokka's attack.
The kobold hits you with a +0 short sword.
The quokka barely misses you. The quokka closely misses you.
A bat comes into view.
The quokka bites you.
* * * LOW HITPOINT WARNING * * *
You block the quokka's attack. The quokka barely misses you.
The quokka twitches its whiskers.
The quokka bites you.
* * * LOW HITPOINT WARNING * * *
The quokka barely misses you. The bat hits you but does no damage.
The bat hits you but does no damage.
The quokka bites you but does no damage.
The bat hits you but does no damage. You block the bat's attack.
The bat hits you but does no damage. x2
Things that are here:
a +0 club; a frilled lizard corpse The bat hits you.
You die...

... ... .... #.. .# #....#+###
#.###### .# #........# ####
#.#....# .# # .......# ..#
#.#.##.# .# # ......######.#
#.#..#.# .#
##+#+#........#.#####.#..#.####.#
#...>...........@brK..#..#.......
#................r...........)...
#.(..######.....#####.........#.#
#....# ####### ##.###.##.#.#
.....# #.# #.##.#+# ###### #..
#.##.. ##.##.##... ..#.......
#'#.......


You could see 2 quokkas, a bat and a kobold.

Vanquished Creatures
  An endoplasm (D:1)
  A goblin (D:1)
  A quokka (D:1)
  A bat (D:1)
  A frilled lizard (D:1)
  2 kobolds (D:1)
7 creatures vanquished.

Notes
Turn   | Place    | Note
-------+----------+-------------------------------------------
     0 | D:1      | Astera the Palentonga Fighter began the quest for the Orb.
     0 | D:1      | Reached XP level 1. HP: 19/19 MP: 1/1
   187 | D:1      | Slain by a bat

Illustrated notes

Levels and vault maps discovered:
D:1:      mrwooster_arrival_arrow, layout_basic

Action                   || total
-------------------------++-------
Melee: Flail             ||    16
       Tailslap          ||     3
 Abil: Rolling Charge    ||     5
Armor: Scale mail        ||    11
Dodge: Dodged            ||     9
Block: Buckler           ||     4

Table legend: (Time is in decaauts)
 A = Elapsed time spent in this place.
 B = Non-inter-level travel time spent in this place.
 C = Inter-level travel time spent in this place.
 D = Time resting spent in this place.
 E = Time spent auto-exploring this place.
 F = Levels seen in this place.
 G = Mean time per level.
                   A        B        C        D        E       F      G
               +--------+--------+--------+--------+--------+-----+--------+
         Total |    191 |    191 |      0 |      0 |     96 |   1 |  191.0 |
       Dungeon |    191 |    191 |      0 |      0 |     96 |   1 |  191.0 |
               +--------+--------+--------+--------+--------+-----+--------+

Top non-repeatable levels by time:
     D:1: 191 daAuts
